 Seeded DCSS version 0.29-a0-378-gc08b2e8bf8 (webtiles) character file.

Game seed: 4592794316462392215 (custom seed)

44324 zeratav the Fetichist (level 14, -3/138 HPs)
             Began as a Kobold Gladiator on May 4, 2022.
             Was a High Priest of Dithmenos.
             Slain by Kyghewu's ghost (6 damage)
             ... on level 15 of the Dungeon on May 5, 2022.
             The game lasted 00:38:57 (18742 turns).

zeratav the Fetichist (Kobold Gladiator)           Turns: 18742, Time: 00:38:57

Health: -3/138     AC: 17    Str: 11    XL:     14   Next: 65%
Magic:  14/14      EV: 24    Int:  7    God:    Dithmenos [*****.]
Gold:   706        SH: 10    Dex: 24    Spells: 13/13 levels left

rFire   . . .      SeeInvis .   a - +3 rapier (speed) {short}
rCold   . . .      Faith    .   d - +2 buckler {AC+3}
rNeg    . . .      Spirit   .   L - +0 troll leather armour
rPois   .          Reflect  .   c - +0 helmet
rElec   .          Harm     .   U - +2 cloak {rCorr}
rCorr   +          Rampage  .   V - +0 pair of gloves {Dex+3}
Will    +....      Rage     50% u - +0 pair of boots
Stlth   ..........              G - necklace of Bloodlust {*Rage Will++ Int-3 Slay+6}
HPRegen 1.13/turn               J - +4 ring of slaying
MPRegen 0.14/turn               v - +4 ring of protection

@: berserking, weak-willed, wreathed by umbra, very quick
A: small, no large weapons, nightstalker 3
a: Renounce Religion, Shadow Step, Shadow Form


You were on level 15 of the Dungeon.
You worshipped Dithmenos.
Dithmenos was extremely pleased with you.
You visited 2 branches of the dungeon, and saw 16 of its levels.
You also visited: Ossuary and Bailey.

You collected 2119 gold pieces.
You spent 1413 gold pieces at shops.


Innate Abilities, Weirdness & Mutations

You are small and have problems with some larger weapons.
You are completely attuned to the shadows.


   Skills:
 - Level 12.0 Fighting
 + Level 13.8 Short Blades
 - Level 0.2(5.6) Long Blades
 - Level 0.2(0.6) Axes
 - Level 0.3(0.5) Maces & Flails
 - Level 0.5(0.7) Polearms
 - Level 0.3(0.7) Staves
 - Level 0.4(1.4) Slings
 - Level 0.3 Bows
 - Level 0.6 Crossbows
 - Level 2.3(2.4) Throwing
 - Level 12.0 Dodging
 - Level 10.0 Stealth
 - Level 7.0 Shields
 - Level 0.3 Unarmed Combat
 - Level 0.3 Spellcasting
 - Level 0.9 Conjurations
 - Level 0.3 Hexes
 - Level 0.3 Summonings
 - Level 0.3 Necromancy
 - Level 0.9 Translocations
 - Level 0.9 Transmutations
 - Level 1.0 Fire Magic
 - Level 0.7 Ice Magic
 - Level 0.7 Air Magic
 - Level 0.5 Earth Magic
 - Level 0.5 Poison Magic
 - Level 0.6 Invocations
 - Level 15.0 Evocations


You had 13 spell levels left.
You didn't know any spells.
Your spell library contained the following spells:

 Spells                   Type           Power      Damage    Failure   Level
 Apportation              Tloc           2%         N/A       52%         1
 Slow                     Hex            0%         N/A       58%         1
 Blink                    Tloc           2%         N/A       65%         2
 Static Discharge         Conj/Air       1%         N/A       65%         2
 Passwall                 Tmut/Erth      0%         N/A       67%         2
 Ensorcelled Hibernation  Hex/Ice        0%         N/A       69%         2
 Lesser Beckoning         Tloc           1%         N/A       87%         3
 Dazzling Flash           Conj/Hex       2%         N/A       88%         3
 Swiftness                Air            1%         N/A       88%         3
 Confusing Touch          Hex            0%         N/A       91%         3
 Tukima's Dance           Hex            0%         N/A       91%         3
 Vampiric Draining        Necr           0%         2d6       91%         3
 Passage of Golubria      Tloc           1%         N/A       99%         4
 Sticky Flame             Conj/Fire      1%         2d3       99%         4
 Animate Dead             Necr           0%         N/A       100%        4
 Dispel Undead            Necr           0%         3d6       100%        4
 Olgreb's Toxic Radiance  Pois           0%         N/A       100%        4
 Summon Ice Beast         Ice/Summ       0%         N/A       100%        4
 Agony                    Necr           0%         N/A       100%        5
 Alistair's Intoxication  Tmut/Pois      0%         N/A       100%        5
 Borgnjor's Vile Clutch   Necr/Erth      0%         N/A       100%        5
 Lightning Bolt           Conj/Air       0%         1d11      100%        5
 Manifold Assault         Tloc           1%         N/A       100%        5
 Silence                  Hex/Air        0%         N/A       100%        5
 Summon Mana Viper        Hex/Summ       0%         N/A       100%        5
 Yara's Violent Unravell  Hex/Tmut       0%         3d3       100%        5
 Death Channel            Necr           0%         N/A       100%        6
 Monstrous Menagerie      Summ           0%         N/A       100%        7
 Ozocubu's Refrigeration  Ice            0%         4d5       100%        7
 Ignition                 Fire           0%         3d3       100%        8
 Maxwell's Capacitive Co  Air            0%         ∞         100%        8

Inventory:

Hand Weapons
 a - a +3 rapier of speed (weapon) {short}
   (You found it on level 12 of the Dungeon)
 k - the +5 quick blade "Anlum" {spect, Fly rElec, shortrare=g}
   (You acquired it on level 2 of the Dungeon)

   When its wielder attacks, the weapon's spirit leaps out and strikes again.
   The spirit shares a part of any damage it takes with its wielder.
   rElec:     It insulates you from electricity.
   Fly:       It grants you flight.
Armour
 c - a +0 helmet (worn)
 d - a +2 buckler of protection (worn)
   (You took it off a tengu warrior on level 13 of the Dungeon)
 j - a +1 buckler of positive energy
   (You took it off a tengu conjurer on level 15 of the Dungeon)
 u - a +0 pair of boots (worn)
   (You found it on level 2 of the Dungeon)
 y - a +0 robe
   (You took it off a rakshasa on level 15 of the Dungeon)
 L - a +0 troll leather armour (worn)
   (You found it on level 12 of the Dungeon)
 O - the +0 robe of Jesm {Harm Regen+ Int+3}
   (You found it in a bailey)

   Int:       It affects your intelligence (+3).
   Regen:     It increases your rate of health regeneration.
   Harm:      It increases damage dealt and taken.
 U - a +2 cloak of preservation (worn)
   (You bought it in a shop on level 12 of the Dungeon)
 V - a +0 pair of gloves of dexterity (worn)
   (You acquired it in a bailey)
 W - a +2 leather armour of cold resistance
   (You found it on level 10 of the Dungeon)
Jewellery
 e - the ring "Tozisoqe" {Fly rPois Will- Str+2}
   (You took it off a tengu conjurer on level 14 of the Dungeon)

   [ring of flight]

   Str:       It affects your strength (+2).
   rPois:     It protects you from poison.
   Fly:       It grants you flight.
   Will:      It decreases your willpower.
 v - a +4 ring of protection (right hand)
   (You found it on level 3 of the Dungeon)
 G - the necklace of Bloodlust (around neck) {*Rage Will++ Int-3 Slay+6}
   (You bought it in a shop on level 4 of the Dungeon)

   [amulet of nothing]

   It extends the wearer's berserk rage when killing foes.
   Int:       It affects your intelligence (-3).
   Slay:      It affects your accuracy & damage with ranged weapons and melee
   (+6).
   *Rage:     It berserks you when you make melee attacks (+50% chance).
   Will:      It greatly increases your willpower.
 J - a +4 ring of slaying (left hand)
   (You bought it in a shop on level 4 of the Dungeon)
 S - a ring of poison resistance
   (You found it on level 9 of the Dungeon)
Wands
 b - a wand of mindburst (6)
   (You found it on level 11 of the Dungeon)
 l - a wand of iceblast (14)
   (You found it on level 2 of the Dungeon)
 D - a wand of polymorph (3)
   (You found it on level 12 of the Dungeon)
 H - a wand of paralysis (6)
   (You found it on level 7 of the Dungeon)
 N - a wand of digging (8)
   (You found it on level 8 of the Dungeon)
 T - a wand of acid (8)
   (You found it on level 10 of the Dungeon)
Scrolls
 h - a scroll of enchant armour
 i - 3 scrolls of amnesia
 o - 6 scrolls of immolation {!r!r}
 p - 3 scrolls of blinking {!r}
 q - 4 scrolls of fog
 A - 4 scrolls of brand weapon
 B - a scroll of vulnerability {!r!r}
 C - 11 scrolls of teleportation {@r4}
 M - a scroll of fear
 P - a scroll of silence {!r}
 Q - a scroll of summoning
 X - 4 scrolls of poison {!r}
Potions
 f - 4 potions of lignification {unknown}
 g - 6 potions of degeneration {unknown}
 m - a potion of invisibility {unknown}
 n - 6 potions of brilliance
 r - 5 potions of flight {unknown}
 t - 6 potions of curing {unknown}
 w - a potion of haste {unknown}
 x - 2 potions of resistance {unknown}
 z - 4 potions of berserk rage {unknown}
 E - 4 potions of might {unknown}
 F - 5 potions of mutation {unknown}
 K - 2 potions of ambrosia {unknown}
 Y - a potion of magic {unknown}
 Z - 3 potions of heal wounds {unknown}
Miscellaneous
 R - a condenser vane
   (You found it on level 9 of the Dungeon)

Dungeon Overview and Level Annotations

Branches:
Dungeon (15/15)            Temple (1/1) D:6            Lair (0/6) D:10
    Orc (0/2) D:12         Vaults (0/5) D:13         Depths (0/4) D:15
Ossuary (visited)          Bailey (visited)

Altars:
Ashenzari
Cheibriados
Dithmenos
Elyvilon
Fedhas
Gozag
Hepliaklqana
Kikubaaqudgha
Makhleb
Nemelex Xobeh
Okawaru
Qazlal
Ru
Sif Muna
Trog
Uskayaw
Vehumet
Wu Jian
Xom
Yredelemnul
Zin
The Shining One
Beogh

Shops:
D:1 ?   D:4 [=   D:5 *   D:6 =*   D:12 [   D:13 [

Portals:
Trove: D:11 (give +3 gold dragon scales)

Annotations:
D:15 Eliad's ghost, adept DEFE; Guh Rysug's ghost, journeyman DsGl; Hicouxt's ghost, journeyman DEFE; Kyghewu's ghost, adept GrFi; Opripao's ghost, journeyman MiFi; Yamstis's ghost, adept GnMo #..#...# #..)...........#.#..... '..#...# #..............#.#..... ###########..''''''''''....#####. ####...##.#..' '........#. .............' ++++++

'..#....#.. .............'++..!.+
'..#..≈.#.≈ .............'+'Wl=.+
'.......#.. ..##.###'##..'+ZWWo.+
'....###'## ..##.##..##..'+W@WW.+
'...#...#.. ..##.##..##..'''Wcs++
'.....≈.#.≈ #######..##..''+++++
'..##...#..
#######..##..''''''''''....###.##
....#......................#..##
#####'####.................#..###
............###.#######....####..
###########.# #.# ##.#.# ###
............# #.########...#


You could see an orc knight, a wolf spider, a centaur warrior, a phantasmal
warrior, a basilisk, Eliad's ghost, Guh Rysug's ghost, Hicouxt's ghost,
Kyghewu's ghost, Opripao's ghost, Yamstis's ghost and a centaur warrior
simulacrum.


Message History

The phantasmal warrior blinks!
The ettin misses you. x2
The centaur warrior moves out of view.
Opripao's ghost turns its malevolent gaze towards you.
There is an open door here.
The basilisk hisses angrily.
You puncture the ettin!
A red film seems to cover your vision as you go berserk!
You feel yourself moving faster!
You feel mighty!
You puncture the ettin!
Your shadow hits the ettin but does no damage.
HP[+46]
You now have 138 max hp (+46).
Your hp is fully restored (138).
You impale the ettin!!
A phantasmal warrior opens the door.
The ettin completely misses you. You block the ettin's attack.
Eliad's ghost breaks down the door.
You impale the ettin!!
You kill the ettin!
Dithmenos accepts your kill.
The centaur warrior wields a +0 shortbow.
The centaur warrior shoots an arrow.
The arrow hits you!
HP[-8]
You take 8 damage, and now have 130/138 hp.
You puncture the eye of devastation!
You hit the eye of devastation but do no damage.
You hit the eye of devastation.
Your shadow hits the eye of devastation but does no damage.
A frost giant opens the door.
HP[+1]
You puncture the eye of devastation! You puncture the eye of devastation!
You kill the eye of devastation!
Dithmenos accepts your kill.
The centaur warrior shoots an arrow.
You block the arrow.
You block the freezing wraith's attack. x2
The basilisk hisses menacingly.
The phantasmal warrior gestures at you.
The phantasmal warrior blinks!
Eliad's ghost barely misses you.
The frost giant hits you with a +2 battleaxe of freezing!
The frost giant freezes you.
The centaur warrior unwields a +0 shortbow.
The centaur warrior completely misses you.
The centaur warrior kicks you but does no damage.
Items here: )) } †.
You miss Eliad's ghost.
HP[-17]
You take 17 damage, and now have 114/138 hp.
You impale the freezing wraith!! The freezing wraith hits you!
The freezing wraith freezes you!! You block the freezing wraith's attack.
You block Eliad's ghost's attack. The phantasmal warrior misses you.
Kyghewu's ghost hits you but does no damage.
You block the frost giant's attack.
HP[-28]
You take 28 damage, and now have 86/138 hp.
MASSIVE DAMAGE!! (PAUSE)
You puncture the freezing wraith!
Your shadow hits the freezing wraith with a rapier.
You block the centaur warrior's attack.
The centaur warrior kicks you but does no damage.
You impale the freezing wraith!!
You destroy the freezing wraith!
Dithmenos accepts your kill.
You puncture the frost giant!
HP[+1]
You puncture the frost giant!
You block the centaur warrior's attack. x2
The frost giant completely misses you. You block Eliad's ghost's attack.
The phantasmal warrior hits you!!
* * * LOW HITPOINT WARNING * * *
HP[-24]
You take 24 damage, and now have 63/138 hp.
Okay, then.
You puncture the frost giant! You puncture the frost giant!
The centaur warrior simulacrum completely misses you.
You block the centaur warrior simulacrum's attack.
You puncture the frost giant! The centaur warrior barely misses you.
The centaur warrior kicks you but does no damage.
HP[+1]
You impale the frost giant!! The phantasmal warrior misses you.
Kyghewu's ghost hits you!!
* * * LOW HITPOINT WARNING * * *
Kyghewu's ghost freezes you.
* * * LOW HITPOINT WARNING * * *
The frost giant misses you. Eliad's ghost completely misses you.
HP[-20]
You take 20 damage, and now have 44/138 hp.
You puncture the frost giant!
You kill the frost giant!
Dithmenos accepts your kill. You block the centaur warrior's attack.
The centaur warrior kicks you but does no damage.
You are too berserk!
Unknown command.
You impale the phantasmal warrior!!
HP[+1]
You puncture the phantasmal warrior! The phantasmal warrior hits you!!
* * * LOW HITPOINT WARNING * * *
Your willpower is stripped away!
You block Eliad's ghost's attack. Kyghewu's ghost hits you!!
* * * LOW HITPOINT WARNING * * *
Kyghewu's ghost freezes you.
You die...

Skill      XL: |  1  2  3  4  5  6  7  8  9 10 11 12 13 14 |
---------------+-------------------------------------------+-----
Fighting       | 3 4 5 7 8 10 12 | 12.0
Short Blades   | 6 8 13 | 13.8
Dodging        | 6 8 10 12 | 12.0
Stealth        | 10 | 10.0
Evocations     | 8 13 15 | 15.0
Shields        | 1 7 |  7.0
Fire Magic     | 1 |  1.0
Long Blades    | |  0.2
Axes           | |  0.2
Maces & Flails | |  0.3
Polearms       | |  0.5
Staves         | |  0.3
Slings         | |  0.4
Bows           | |  0.3
Crossbows      | |  0.6
Throwing       | |  2.3
Unarmed Combat | |  0.3
Spellcasting   | |  0.3
Conjurations   | |  0.9
Hexes          | |  0.3
Summonings     | |  0.3
Necromancy     | |  0.3
Translocations | |  0.9
Transmutations | |  0.9
Ice Magic      | |  0.7
Air Magic      | |  0.7
Earth Magic    | |  0.5
Poison Magic   | |  0.5
Invocations    | |  0.6

Action                   |  1- 3 |  4- 6 |  7- 9 | 10-12 | 13-15 || total
-------------------------+-------+-------+-------+-------+-------++-------
Melee: Rapier            |    68 |    76 |       |       |    22 ||   166
       Punch             |     1 |     1 |     2 |     2 |       ||     6
       Quick blade       |       |    41 |   151 |   281 |   246 ||   719
  Use: Scroll            |       |     2 |     7 |     2 |    11 ||    22
 Stab: Sleeping          |    10 |     4 |    17 |    27 |    23 ||    81
       Distracted        |       |     1 |       |     6 |    11 ||    18
Armor: Leather armour    |    17 |    18 |     9 |     3 |       ||    47
       Robe              |       |       |       |     5 |       ||     5
       Troll leather arm |       |       |       |     2 |    20 ||    22
Dodge: Dodged            |    54 |    67 |    50 |   132 |    74 ||   377
Block: Buckler           |       |       |       |       |    45 ||    45

Levels and vault maps discovered:
D:1:      dpeg_arrival_leaves_temple_mockup, layout_basic, serial_shops,
          nicolae_shop_waterfront, shapermc_ecumenical_altar_notcrosses
D:2:      layout_basic, interstate_on_off, minivault_11
D:3:      layout_basic, grunt_decor_cap
D:4:      nicolae_cairo_tiling_large, layout_cave_pools,
          kiku_gazebo_pond_becter, nicolae_wooded_promenade,
          kennysheep_generic_room_13
D:5:      layout_basic, serial_shops, nicolae_diamond_shop,
          lightli_ossuary_entry_decrepit_ruins, hangedman_abyss_or_decor_stagger
D:6:      layout_loops_corners, minmay_temple_entry_gardened_gates,
          serial_shops, kennysheep_mini, nicolae_elemental_shop,
          minmay_misc_feat_nine_boxes, minmay_holes, minmay_misc_feat_columns
D:7:      layout_loops_ring, mainiacjoe_overflow_chevrons, uniq_pikel
D:8:      layout_cave_pods, lemuel_round_altar, enter_bailey_5
D:9:      gammafunk_beogh_shrine, layout_layer_cave,
          mainiacjoe_overflow_tiny_flanked
D:10:     layout_basic, grunt_lair_entry_orc_guard_hut
D:11:     layout_long_grid, nicolae_trove_entry_crystal, hangedman_weighted_door
D:12:     layout_layer_cave, orc_david_3, uniq_frances
D:13:     layout_basic, ximxim_vaults_locker_room, serial_bayou,
          serial_bayou_pond_d, serial_bayou_lake_a, serial_bayou_lagoon_a,
          serial_bayou_pond_a, serial_shops, nicolae_shop_overgrown_old_shop
D:14:     layout_rooms, elyvilon_altar_3
D:15:     hangedman_depths_entry_try_elsewhere_first, layout_stronghold,
          gammafunk_ghost_door_vault, minmay_misc_feat_rows,
          nzn_wu_jian_contemplation
Temple:   mainiacjoe_temple_coin_purse

Notes
Turn   | Place    | Note
-------+----------+-------------------------------------------
     0 | D:1      | zeratav the Kobold Gladiator began the quest for the Orb.
     0 | D:1      | Reached XP level 1. HP: 12/12 MP: 1/1
     0 | D:1      | magus.rc [v1.9.6]
    53 | D:1      | Found Negukk's Magic Scroll Shoppe.
   252 | D:1      | Reached XP level 2. HP: 18/18 MP: 2/2
   256 | D:1      | You pick up a book of Party Tricks and begin reading...
   256 | D:1      | You add the spells Apportation and Alistair's Intoxication
                  | to your library.
   330 | D:1      | Reached skill level 3 in Fighting
  1019 | D:1      | Reached XP level 3. HP: 20/23 MP: 3/3
  1164 | D:1      | Found a faded altar of an unknown god.
  1538 | D:2      | Reached skill level 4 in Fighting
  1596 | D:2      | You fall into a shaft and drop 1 floor!
  1660 | D:3      | Reached XP level 4. HP: 26/30 MP: 4/4
  1671 | D:3      | HP: 7/30 [orc/+0 dagger (2)]
  1672 | D:3      | HP: 3/30 [something (4)]
  1983 | D:3      | Reached skill level 5 in Fighting
  2293 | D:2      | Reached XP level 5. HP: 30/35 MP: 5/5
  3116 | D:2      | Reached skill level 5 in Short Blades
  3182 | D:2      | Identified a scroll of acquirement
  3182 | D:2      | Acquired the +5 quick blade "Anlum" {spect, Fly rElec}
  3183 | D:2      | k - the +5 quick blade "Anlum" {spect, Fly rElec,
                  | shortrare=g}
  3184 | D:2      | You feel a bond with the +5 quick blade "Anlum" {spect, Fly
                  | rElec, shortrare=g}.
  3184 | D:2      | k - the +5 quick blade "Anlum" (weapon) {spect, Fly rElec,
                  | shortrare=g}
  3220 | D:3      | your +5 quick blade "Anlum" {spect, Fly rElec, shortrare=g}
                  | hits the bat!
  3226 | D:3      | your +5 quick blade "Anlum" {spect, Fly rElec, shortrare=g}
                  | hits the orc!
  3357 | D:3      | your +5 quick blade "Anlum" {spect, Fly rElec, shortrare=g}
                  | hits the ball python!
  3410 | D:3      | your +5 quick blade "Anlum" {spect, Fly rElec, shortrare=g}
                  | hits the orc wizard!
  3411 | D:3      | your +5 quick blade "Anlum" {spect, Fly rElec, shortrare=g}
                  | closely misses the orc wizard.
  3412 | D:3      | your +5 quick blade "Anlum" {spect, Fly rElec, shortrare=g}
                  | barely misses the orc wizard.
  3416 | D:3      | Acquired 759 gold pieces
  3589 | D:3      | Reached skill level 6 in Short Blades
  3603 | D:3      | your +5 quick blade "Anlum" {spect, Fly rElec, shortrare=g}
                  | hits the dart slug.
  3607 | D:3      | Identified the +2 ring mail of the Albatross {rF+ Will-
                  | rCorr}
  3610 | D:3      | You add the spells Tukima's Dance, Passage of Golubria and
                  | Yara's Violent Unravelling to your library.
  3802 | D:3      | Reached XP level 6. HP: 40/40 MP: 6/6
  3873 | D:4      | your +5 quick blade "Anlum" {spect, Fly rElec, shortrare=g}
                  | hits the hobgoblin!
  3883 | D:4      | your +5 quick blade "Anlum" {spect, Fly rElec, shortrare=g}
                  | hits the orc.
  3884 | D:4      | your +5 quick blade "Anlum" {spect, Fly rElec, shortrare=g}
                  | misses the orc.
  3889 | D:4      | your +5 quick blade "Anlum" {spect, Fly rElec, shortrare=g}
                  | hits the orc!
  3891 | D:4      | your +5 quick blade "Anlum" {spect, Fly rElec, shortrare=g}
                  | hits the orc wizard.
  3891 | D:4      | the orc wizard barely misses your +5 quick blade "Anlum"
                  | {spect, Fly rElec, shortrare=g}.
  3892 | D:4      | your +5 quick blade "Anlum" {spect, Fly rElec, shortrare=g}
                  | hits the orc wizard.
  3893 | D:4      | your +5 quick blade "Anlum" {spect, Fly rElec, shortrare=g}
                  | closely misses the orc wizard.
  3893 | D:4      | the orc wizard hits your +5 quick blade "Anlum" {spect, Fly
                  | rElec, shortrare=g} but does no damage.
  3895 | D:4      | your +5 quick blade "Anlum" {spect, Fly rElec, shortrare=g}
                  | hits something!
  3896 | D:4      | your +5 quick blade "Anlum" {spect, Fly rElec, shortrare=g}
                  | completely misses something.
  3897 | D:4      | your +5 quick blade "Anlum" {spect, Fly rElec, shortrare=g}
                  | misses something.
  3898 | D:4      | your +5 quick blade "Anlum" {spect, Fly rElec, shortrare=g}
                  | hits something!
  3900 | D:4      | your +5 quick blade "Anlum" {spect, Fly rElec, shortrare=g}
                  | hits the orc!
  4077 | D:4      | your +5 quick blade "Anlum" {spect, Fly rElec, shortrare=g}
                  | hits the necrophage but does no damage.
  4078 | D:4      | your +5 quick blade "Anlum" {spect, Fly rElec, shortrare=g}
                  | hits the necrophage!
  4079 | D:4      | your +5 quick blade "Anlum" {spect, Fly rElec, shortrare=g}
                  | hits the necrophage!
  4080 | D:4      | Reached skill level 7 in Short Blades
  4223 | D:4      | your +5 quick blade "Anlum" {spect, Fly rElec, shortrare=g}
                  | hits the phantom!
  4224 | D:4      | your +5 quick blade "Anlum" {spect, Fly rElec, shortrare=g}
                  | hits the phantom.
  4224 | D:4      | the phantom barely misses your +5 quick blade "Anlum"
                  | {spect, Fly rElec, shortrare=g}.
  4226 | D:4      | Reached skill level 8 in Short Blades
  4226 | D:4      | Reached XP level 7. HP: 42/44 MP: 7/7
  4226 | D:4      | your +5 quick blade "Anlum" {spect, Fly rElec, shortrare=g}
                  | misses the howler monkey.
  4227 | D:4      | your +5 quick blade "Anlum" {spect, Fly rElec, shortrare=g}
                  | hits the howler monkey!
  4228 | D:4      | your +5 quick blade "Anlum" {spect, Fly rElec, shortrare=g}
                  | barely misses the howler monkey.
  4229 | D:4      | your +5 quick blade "Anlum" {spect, Fly rElec, shortrare=g}
                  | barely misses the howler monkey.
  4238 | D:4      | your +5 quick blade "Anlum" {spect, Fly rElec, shortrare=g}
                  | hits the kobold.
  4239 | D:4      | your +5 quick blade "Anlum" {spect, Fly rElec, shortrare=g}
                  | hits the kobold but does no damage.
  4240 | D:4      | your +5 quick blade "Anlum" {spect, Fly rElec, shortrare=g}
                  | hits the kobold.
  4242 | D:4      | your +5 quick blade "Anlum" {spect, Fly rElec, shortrare=g}
                  | barely misses the gnoll shaman.
  4243 | D:4      | your +5 quick blade "Anlum" {spect, Fly rElec, shortrare=g}
                  | hits the gnoll shaman!
  4244 | D:4      | your +5 quick blade "Anlum" {spect, Fly rElec, shortrare=g}
                  | hits the gnoll shaman.
  4245 | D:4      | Reached skill level 4 in Dodging
  4245 | D:4      | your +5 quick blade "Anlum" {spect, Fly rElec, shortrare=g}
                  | hits the gnoll.
  4246 | D:4      | your +5 quick blade "Anlum" {spect, Fly rElec, shortrare=g}
                  | hits the gnoll!
  4247 | D:4      | your +5 quick blade "Anlum" {spect, Fly rElec, shortrare=g}
                  | hits the gnoll!
  4250 | D:4      | your +5 quick blade "Anlum" {spect, Fly rElec, shortrare=g}
                  | hits the gnoll!
  4251 | D:4      | your +5 quick blade "Anlum" {spect, Fly rElec, shortrare=g}
                  | hits the gnoll.
  4252 | D:4      | your +5 quick blade "Anlum" {spect, Fly rElec, shortrare=g}
                  | hits the gnoll.
  4253 | D:4      | your +5 quick blade "Anlum" {spect, Fly rElec, shortrare=g}
                  | hits the goblin!
  4255 | D:4      | your +5 quick blade "Anlum" {spect, Fly rElec, shortrare=g}
                  | hits the quokka!
  4352 | D:4      | your +5 quick blade "Anlum" {spect, Fly rElec, shortrare=g}
                  | hits the adder!
  4499 | D:4      | Reached skill level 5 in Dodging
  4548 | D:4      | your +5 quick blade "Anlum" {spect, Fly rElec, shortrare=g}
                  | hits the goblin!
  4549 | D:4      | your +5 quick blade "Anlum" {spect, Fly rElec, shortrare=g}
                  | hits the hobgoblin!
  4550 | D:4      | your +5 quick blade "Anlum" {spect, Fly rElec, shortrare=g}
                  | barely misses the ball python.
  4551 | D:4      | your +5 quick blade "Anlum" {spect, Fly rElec, shortrare=g}
                  | misses the ball python.
  4552 | D:4      | your +5 quick blade "Anlum" {spect, Fly rElec, shortrare=g}
                  | hits the ball python.
  4557 | D:4      | your +5 quick blade "Anlum" {spect, Fly rElec, shortrare=g}
                  | hits the giant cockroach.
  4627 | D:4      | your +5 quick blade "Anlum" {spect, Fly rElec, shortrare=g}
                  | closely misses the goblin.
  4637 | D:4      | Found an ancient bone altar of Kikubaaqudgha.
  4656 | D:4      | Found Sastiyf's Jewellery Shop.
  4656 | D:4      | Found Bewink's Armour Emporium.
  4661 | D:4      | Bought a +4 ring of slaying for 780 gold pieces
  4864 | D:5      | Entered Level 5 of the Dungeon
  4920 | D:5      | your +5 quick blade "Anlum" {spect, Fly rElec, shortrare=g}
                  | barely misses the ogre.
  4921 | D:5      | your +5 quick blade "Anlum" {spect, Fly rElec, shortrare=g}
                  | hits the ogre.
  4922 | D:5      | Reached skill level 6 in Dodging
  4925 | D:5      | your +5 quick blade "Anlum" {spect, Fly rElec, shortrare=g}
                  | hits the centaur!
  4927 | D:5      | Reached XP level 8. HP: 35/49 MP: 8/8
  4966 | D:5      | your +5 quick blade "Anlum" {spect, Fly rElec, shortrare=g}
                  | closely misses the iguana.
  4967 | D:5      | your +5 quick blade "Anlum" {spect, Fly rElec, shortrare=g}
                  | hits the iguana!
  5132 | D:5      | Found a sand-covered staircase.
  5139 | Ossuary  | Entered an ossuary
  5143 | Ossuary  | your +5 quick blade "Anlum" {spect, Fly rElec, shortrare=g}
                  | hits the human zombie!
  5144 | Ossuary  | your +5 quick blade "Anlum" {spect, Fly rElec, shortrare=g}
                  | hits the human zombie.
  5145 | Ossuary  | your +5 quick blade "Anlum" {spect, Fly rElec, shortrare=g}
                  | barely misses the human zombie.
  5146 | Ossuary  | your +5 quick blade "Anlum" {spect, Fly rElec, shortrare=g}
                  | hits the human zombie.
  5147 | Ossuary  | your +5 quick blade "Anlum" {spect, Fly rElec, shortrare=g}
                  | hits the human zombie!
  5148 | Ossuary  | your +5 quick blade "Anlum" {spect, Fly rElec, shortrare=g}
                  | hits the human zombie.
  5149 | Ossuary  | your +5 quick blade "Anlum" {spect, Fly rElec, shortrare=g}
                  | hits the human zombie!
  5150 | Ossuary  | Reached skill level 7 in Dodging
  5150 | Ossuary  | your +5 quick blade "Anlum" {spect, Fly rElec, shortrare=g}
                  | hits the kobold zombie.
  5153 | Ossuary  | your +5 quick blade "Anlum" {spect, Fly rElec, shortrare=g}
                  | barely misses the hobgoblin zombie.
  5197 | Ossuary  | your +5 quick blade "Anlum" {spect, Fly rElec, shortrare=g}
                  | hits the mummy.
  5198 | Ossuary  | your +5 quick blade "Anlum" {spect, Fly rElec, shortrare=g}
                  | completely misses the mummy.
  5199 | Ossuary  | your +5 quick blade "Anlum" {spect, Fly rElec, shortrare=g}
                  | hits the mummy.
  5202 | Ossuary  | your +5 quick blade "Anlum" {spect, Fly rElec, shortrare=g}
                  | hits the adder zombie!
  5212 | Ossuary  | your +5 quick blade "Anlum" {spect, Fly rElec, shortrare=g}
                  | hits the hobgoblin zombie!
  5217 | Ossuary  | your +5 quick blade "Anlum" {spect, Fly rElec, shortrare=g}
                  | hits the gnoll zombie.
  5220 | Ossuary  | your +5 quick blade "Anlum" {spect, Fly rElec, shortrare=g}
                  | hits the jackal zombie!
  5224 | Ossuary  | your +5 quick blade "Anlum" {spect, Fly rElec, shortrare=g}
                  | barely misses the human zombie.
  5225 | Ossuary  | your +5 quick blade "Anlum" {spect, Fly rElec, shortrare=g}
                  | hits the human zombie.
  5236 | Ossuary  | your +5 quick blade "Anlum" {spect, Fly rElec, shortrare=g}
                  | hits the mummy!
  5237 | Ossuary  | your +5 quick blade "Anlum" {spect, Fly rElec, shortrare=g}
                  | hits the mummy.
  5296 | Ossuary  | your +5 quick blade "Anlum" {spect, Fly rElec, shortrare=g}
                  | barely misses the goblin zombie.
  5297 | Ossuary  | your +5 quick blade "Anlum" {spect, Fly rElec, shortrare=g}
                  | hits the goblin zombie!
  5300 | Ossuary  | your +5 quick blade "Anlum" {spect, Fly rElec, shortrare=g}
                  | hits the hobgoblin zombie!
  5310 | Ossuary  | your +5 quick blade "Anlum" {spect, Fly rElec, shortrare=g}
                  | hits the mummy!
  5435 | D:5      | your +5 quick blade "Anlum" {spect, Fly rElec, shortrare=g}
                  | hits the adder!
  5437 | D:5      | your +5 quick blade "Anlum" {spect, Fly rElec, shortrare=g}
                  | hits the jelly.
  5437 | D:5      | your +5 quick blade "Anlum" {spect, Fly rElec, shortrare=g}
                  | is burned by acid!
  5438 | D:5      | your +5 quick blade "Anlum" {spect, Fly rElec, shortrare=g}
                  | hits the jelly!
  5439 | D:5      | Reached skill level 8 in Dodging
  5473 | D:5      | You pick up a book of Lightning and begin reading...
  5473 | D:5      | You add the spells Static Discharge, Lightning Bolt and
                  | Maxwell's Capacitive Coupling to your library.
  5573 | D:5      | your +5 quick blade "Anlum" {spect, Fly rElec, shortrare=g}
                  | hits the orc.
  5574 | D:5      | your +5 quick blade "Anlum" {spect, Fly rElec, shortrare=g}
                  | hits the orc.
  5835 | D:5      | Found Reak's General Store.
  6018 | D:6      | your +5 quick blade "Anlum" {spect, Fly rElec, shortrare=g}
                  | hits the orc priest!
  6020 | D:6      | Reached skill level 6 in Fighting
  6110 | D:6      | Found Xihosch's Elemental Accessories.
  6142 | D:6      | your +5 quick blade "Anlum" {spect, Fly rElec, shortrare=g}
                  | hits the scorpion.
  6145 | D:6      | your +5 quick blade "Anlum" {spect, Fly rElec, shortrare=g}
                  | hits the shadow imp!
  6368 | D:6      | Found a staircase to the Ecumenical Temple.
  6445 | D:6      | Reached skill level 7 in Fighting
  6473 | Temple   | Entered the Ecumenical Temple
  6620 | Temple   | Became a worshipper of Dithmenos the Shadowed
  6903 | D:6      | your +5 quick blade "Anlum" {spect, Fly rElec, shortrare=g}
                  | hits the iguana.
  7036 | D:6      | Found Immutua's Jewellery Emporium.
  7138 | D:7      | Reached XP level 9. HP: 57/57 MP: 9/9
  7211 | D:7      | your +5 quick blade "Anlum" {spect, Fly rElec, shortrare=g}
                  | hits the orc wizard!
  7212 | D:7      | your +5 quick blade "Anlum" {spect, Fly rElec, shortrare=g}
                  | barely misses the orc.
  7213 | D:7      | your +5 quick blade "Anlum" {spect, Fly rElec, shortrare=g}
                  | hits the orc.
  7267 | D:7      | Found a basalt altar of Yredelemnul.
  7272 | D:7      | your +5 quick blade "Anlum" {spect, Fly rElec, shortrare=g}
                  | closely misses the kobold.
  7275 | D:7      | your +5 quick blade "Anlum" {spect, Fly rElec, shortrare=g}
                  | hits the kobold brigand.
  7276 | D:7      | your +5 quick blade "Anlum" {spect, Fly rElec, shortrare=g}
                  | hits the kobold brigand.
  7277 | D:7      | your +5 quick blade "Anlum" {spect, Fly rElec, shortrare=g}
                  | hits the kobold brigand.
  7278 | D:7      | your +5 quick blade "Anlum" {spect, Fly rElec, shortrare=g}
                  | closely misses the kobold brigand.
  7279 | D:7      | your +5 quick blade "Anlum" {spect, Fly rElec, shortrare=g}
                  | barely misses the kobold brigand.
  7280 | D:7      | your +5 quick blade "Anlum" {spect, Fly rElec, shortrare=g}
                  | closely misses the kobold brigand.
  7282 | D:7      | Reached skill level 8 in Fighting
  7282 | D:7      | Reached skill level 1 in Stealth
  7302 | D:7      | your +5 quick blade "Anlum" {spect, Fly rElec, shortrare=g}
                  | hits the necrophage!
  7303 | D:7      | your +5 quick blade "Anlum" {spect, Fly rElec, shortrare=g}
                  | hits the necrophage but does no damage.
  7305 | D:7      | Reached skill level 3 in Stealth
  7315 | D:7      | Noticed Pikel
  7337 | D:7      | Killed Pikel
  7338 | D:7      | Reached skill level 7 in Stealth
  7593 | D:4      | Bought the necklace of Bloodlust {*Rage Will++ Int-3
                  | Slay+6} for 397 gold pieces
  7593 | D:4      | Found the necklace of Bloodlust {*Rage Will++ Int-3 Slay+6}
  7882 | D:7      | Reached skill level 8 in Stealth
  7970 | D:7      | Reached skill level 9 in Stealth
  8289 | D:8      | Reached skill level 10 in Stealth
  8289 | D:8      | Reached XP level 10. HP: 64/64 MP: 10/10
  8294 | D:8      | your +5 quick blade "Anlum" {spect, Fly rElec, shortrare=g}
                  | hits the gnoll!
  8297 | D:8      | your +5 quick blade "Anlum" {spect, Fly rElec, shortrare=g}
                  | closely misses the gnoll.
  8299 | D:8      | your +5 quick blade "Anlum" {spect, Fly rElec, shortrare=g}
                  | hits the gnoll shaman!
  8433 | D:8      | Found a flagged portal.
  8442 | D:8      | your +5 quick blade "Anlum" {spect, Fly rElec, shortrare=g}
                  | hits the goblin!
  8445 | D:8      | your +5 quick blade "Anlum" {spect, Fly rElec, shortrare=g}
                  | hits the bullfrog.
  8450 | D:8      | your +5 quick blade "Anlum" {spect, Fly rElec, shortrare=g}
                  | hits the kobold brigand!
  8452 | D:8      | your +5 quick blade "Anlum" {spect, Fly rElec, shortrare=g}
                  | hits the kobold!
  8454 | D:8      | your +5 quick blade "Anlum" {spect, Fly rElec, shortrare=g}
                  | hits the kobold.
  8454 | D:8      | Reached * piety under Dithmenos
  8486 | Bailey   | Entered a bailey
  8522 | Bailey   | your +5 quick blade "Anlum" {spect, Fly rElec, shortrare=g}
                  | hits the electric eel!
  8541 | Bailey   | your +5 quick blade "Anlum" {spect, Fly rElec, shortrare=g}
                  | hits the electric eel!
  8582 | Bailey   | Noticed a kobold demonologist
  8585 | Bailey   | your +5 quick blade "Anlum" {spect, Fly rElec, shortrare=g}
                  | hits the crimson imp!
  8587 | Bailey   | your +5 quick blade "Anlum" {spect, Fly rElec, shortrare=g}
                  | hits the kobold demonologist.
  8588 | Bailey   | your +5 quick blade "Anlum" {spect, Fly rElec, shortrare=g}
                  | hits the kobold demonologist!
  8588 | Bailey   | the kobold demonologist hits your +5 quick blade "Anlum"
                  | {spect, Fly rElec, shortrare=g} with a +0 war axe.
  8589 | Bailey   | Killed a kobold demonologist
  8590 | Bailey   | Reached skill level 9 in Fighting
  8590 | Bailey   | Reached skill level 9 in Dodging
  8592 | Bailey   | your +5 quick blade "Anlum" {spect, Fly rElec, shortrare=g}
                  | hits the orc warrior but does no damage.
  8596 | Bailey   | your +5 quick blade "Anlum" {spect, Fly rElec, shortrare=g}
                  | hits the orc warrior.
  8597 | Bailey   | your +5 quick blade "Anlum" {spect, Fly rElec, shortrare=g}
                  | closely misses the orc warrior.
  8602 | Bailey   | your +5 quick blade "Anlum" {spect, Fly rElec, shortrare=g}
                  | hits the orc warrior.
  8603 | Bailey   | your +5 quick blade "Anlum" {spect, Fly rElec, shortrare=g}
                  | hits the orc warrior but does no damage.
  8603 | Bailey   | the orc warrior hits your +5 quick blade "Anlum" {spect,
                  | Fly rElec, shortrare=g} with a +0 war axe.
  8604 | Bailey   | your +5 quick blade "Anlum" {spect, Fly rElec, shortrare=g}
                  | hits the orc warrior!
  8613 | Bailey   | your +5 quick blade "Anlum" {spect, Fly rElec, shortrare=g}
                  | completely misses the orc warrior.
  8614 | Bailey   | your +5 quick blade "Anlum" {spect, Fly rElec, shortrare=g}
                  | hits the orc warrior.
  8614 | Bailey   | the orc warrior hits your +5 quick blade "Anlum" {spect,
                  | Fly rElec, shortrare=g} with a +0 war axe!
  8778 | Bailey   | your +5 quick blade "Anlum" {spect, Fly rElec, shortrare=g}
                  | hits the orc warrior!
  8778 | Bailey   | the orc warrior barely misses your +5 quick blade "Anlum"
                  | {spect, Fly rElec, shortrare=g}.
  8779 | Bailey   | your +5 quick blade "Anlum" {spect, Fly rElec, shortrare=g}
                  | hits the orc warrior!
  8781 | Bailey   | your +5 quick blade "Anlum" {spect, Fly rElec, shortrare=g}
                  | misses the hobgoblin.
  8782 | Bailey   | your +5 quick blade "Anlum" {spect, Fly rElec, shortrare=g}
                  | hits the hobgoblin!
  8812 | Bailey   | your +5 quick blade "Anlum" {spect, Fly rElec, shortrare=g}
                  | hits the orc warrior.
  8812 | Bailey   | the orc warrior barely misses your +5 quick blade "Anlum"
                  | {spect, Fly rElec, shortrare=g}.
  8813 | Bailey   | your +5 quick blade "Anlum" {spect, Fly rElec, shortrare=g}
                  | hits the orc warrior.
  8814 | Bailey   | your +5 quick blade "Anlum" {spect, Fly rElec, shortrare=g}
                  | hits the orc warrior.
  8815 | Bailey   | your +5 quick blade "Anlum" {spect, Fly rElec, shortrare=g}
                  | hits the orc warrior!
  8979 | Bailey   | your +5 quick blade "Anlum" {spect, Fly rElec, shortrare=g}
                  | hits the orc warrior.
  8981 | Bailey   | your +5 quick blade "Anlum" {spect, Fly rElec, shortrare=g}
                  | hits the orc warrior.
  8989 | Bailey   | your +5 quick blade "Anlum" {spect, Fly rElec, shortrare=g}
                  | completely misses the orc warrior.
  8989 | Bailey   | the orc warrior completely misses your +5 quick blade
                  | "Anlum" {spect, Fly rElec, shortrare=g}.
  8990 | Bailey   | your +5 quick blade "Anlum" {spect, Fly rElec, shortrare=g}
                  | hits the orc warrior.
  8991 | Bailey   | your +5 quick blade "Anlum" {spect, Fly rElec, shortrare=g}
                  | hits the orc warrior but does no damage.
  9100 | Bailey   | your +5 quick blade "Anlum" {spect, Fly rElec, shortrare=g}
                  | hits the electric eel.
  9101 | Bailey   | your +5 quick blade "Anlum" {spect, Fly rElec, shortrare=g}
                  | hits the electric eel.
  9102 | Bailey   | Reached skill level 10 in Dodging
  9179 | Bailey   | Noticed an orc knight
  9182 | Bailey   | Killed an orc knight
  9183 | Bailey   | Reached skill level 10 in Fighting
  9195 | Bailey   | Acquired a +0 pair of gloves of dexterity
  9246 | Bailey   | Found an iron altar of Okawaru.
  9248 | Bailey   | Noticed an orc high priest
  9248 | Bailey   | Noticed an orc knight
  9252 | Bailey   | your +5 quick blade "Anlum" {spect, Fly rElec, shortrare=g}
                  | closely misses the orc high priest.
  9253 | Bailey   | your +5 quick blade "Anlum" {spect, Fly rElec, shortrare=g}
                  | barely misses the orc high priest.
  9253 | Bailey   | the orc high priest hits your +5 quick blade "Anlum"
                  | {spect, Fly rElec, shortrare=g} with a +0 broad axe!
  9254 | Bailey   | your +5 quick blade "Anlum" {spect, Fly rElec, shortrare=g}
                  | hits the orc high priest.
  9255 | Bailey   | your +5 quick blade "Anlum" {spect, Fly rElec, shortrare=g}
                  | hits the orc high priest!
  9255 | Bailey   | Killed an orc high priest
  9256 | Bailey   | Reached XP level 11. HP: 73/73 MP: 11/11
  9257 | Bailey   | your +5 quick blade "Anlum" {spect, Fly rElec, shortrare=g}
                  | hits the orc knight but does no damage.
  9258 | Bailey   | your +5 quick blade "Anlum" {spect, Fly rElec, shortrare=g}
                  | hits the orc knight but does no damage.
  9259 | Bailey   | your +5 quick blade "Anlum" {spect, Fly rElec, shortrare=g}
                  | hits the orc knight!
  9259 | Bailey   | the orc knight hits your +5 quick blade "Anlum" {spect, Fly
                  | rElec, shortrare=g} with a +0 war axe!
  9259 | Bailey   | the goblin closely misses your +5 quick blade "Anlum"
                  | {spect, Fly rElec, shortrare=g}.
  9260 | Bailey   | your +5 quick blade "Anlum" {spect, Fly rElec, shortrare=g}
                  | hits the orc knight but does no damage.
  9261 | Bailey   | your +5 quick blade "Anlum" {spect, Fly rElec, shortrare=g}
                  | hits the orc knight.
  9262 | Bailey   | your +5 quick blade "Anlum" {spect, Fly rElec, shortrare=g}
                  | hits the orc knight but does no damage.
  9263 | Bailey   | Killed an orc knight
  9264 | Bailey   | Reached skill level 11 in Dodging
  9264 | Bailey   | your +5 quick blade "Anlum" {spect, Fly rElec, shortrare=g}
                  | hits the orc warrior.
  9264 | Bailey   | the orc warrior closely misses your +5 quick blade "Anlum"
                  | {spect, Fly rElec, shortrare=g}.
  9265 | Bailey   | your +5 quick blade "Anlum" {spect, Fly rElec, shortrare=g}
                  | hits the orc warrior.
  9272 | Bailey   | your +5 quick blade "Anlum" {spect, Fly rElec, shortrare=g}
                  | misses the orc warrior.
  9282 | Bailey   | You pick up a book of Spatial Translocations and begin
                  | reading...
  9282 | Bailey   | You add the spells Blink, Lesser Beckoning and Manifold
                  | Assault to your library.
  9289 | Bailey   | Identified the +0 robe of Jesm {Harm Regen+ Int+3}
  9316 | Bailey   | Identified the +7 flail of Fuzzy Honour {venom, rF- Dex+4
                  | Stlth+}
  9476 | D:8      | Reached ** piety under Dithmenos
  9588 | D:8      | your +5 quick blade "Anlum" {spect, Fly rElec, shortrare=g}
                  | hits the orc!
  9796 | D:8      | Found a sacrificial altar of Ru.
  9826 | D:8      | Reached skill level 11 in Fighting
 10051 | D:9      | your +5 quick blade "Anlum" {spect, Fly rElec, shortrare=g}
                  | hits the wight.
 10052 | D:9      | your +5 quick blade "Anlum" {spect, Fly rElec, shortrare=g}
                  | hits the wight!
 10053 | D:9      | your +5 quick blade "Anlum" {spect, Fly rElec, shortrare=g}
                  | hits the wight!
 10142 | D:9      | Found a radiant altar of Vehumet.
 10217 | D:9      | your +5 quick blade "Anlum" {spect, Fly rElec, shortrare=g}
                  | hits the killer bee!
 10217 | D:9      | the killer bee closely misses your +5 quick blade "Anlum"
                  | {spect, Fly rElec, shortrare=g}.
 10218 | D:9      | your +5 quick blade "Anlum" {spect, Fly rElec, shortrare=g}
                  | misses the killer bee.
 10219 | D:9      | your +5 quick blade "Anlum" {spect, Fly rElec, shortrare=g}
                  | barely misses the killer bee.
 10220 | D:9      | your +5 quick blade "Anlum" {spect, Fly rElec, shortrare=g}
                  | completely misses the killer bee.
 10226 | D:9      | Found a transporter.
 10227 | D:9      | Found a transporter.
 10281 | D:9      | your +5 quick blade "Anlum" {spect, Fly rElec, shortrare=g}
                  | hits the orc warrior.
 10282 | D:9      | your +5 quick blade "Anlum" {spect, Fly rElec, shortrare=g}
                  | hits the orc warrior!
 10292 | D:9      | Reached skill level 12 in Dodging
 10305 | D:9      | your +5 quick blade "Anlum" {spect, Fly rElec, shortrare=g}
                  | misses the orc.
 10434 | D:9      | your +5 quick blade "Anlum" {spect, Fly rElec, shortrare=g}
                  | hits the orc warrior!
 10436 | D:9      | your +5 quick blade "Anlum" {spect, Fly rElec, shortrare=g}
                  | hits the orc!
 10442 | D:9      | your +5 quick blade "Anlum" {spect, Fly rElec, shortrare=g}
                  | closely misses the hornet.
 10578 | D:9      | your +5 quick blade "Anlum" {spect, Fly rElec, shortrare=g}
                  | completely misses the centaur.
 10579 | D:9      | your +5 quick blade "Anlum" {spect, Fly rElec, shortrare=g}
                  | hits the centaur.
 10580 | D:9      | Reached skill level 12 in Fighting
 10705 | D:9      | Reached skill level 1 in Evocations
 10705 | D:9      | your +5 quick blade "Anlum" {spect, Fly rElec, shortrare=g}
                  | hits the gnoll.
 10706 | D:9      | Reached *** piety under Dithmenos
 10866 | D:9      | You add the spells Olgreb's Toxic Radiance, Ozocubu's
                  | Refrigeration and Ignition to your library.
 10950 | D:10     | Entered Level 10 of the Dungeon
 11159 | D:10     | your +5 quick blade "Anlum" {spect, Fly rElec, shortrare=g}
                  | hits the bullfrog!
 11161 | D:10     | your +5 quick blade "Anlum" {spect, Fly rElec, shortrare=g}
                  | hits the yak.
 11161 | D:10     | the yak misses your +5 quick blade "Anlum" {spect, Fly
                  | rElec, shortrare=g}.
 11163 | D:10     | Reached skill level 2 in Evocations
 11164 | D:10     | your +5 quick blade "Anlum" {spect, Fly rElec, shortrare=g}
                  | hits the wight but does no damage.
 11166 | D:10     | your +5 quick blade "Anlum" {spect, Fly rElec, shortrare=g}
                  | hits the scorpion!
 11167 | D:10     | your +5 quick blade "Anlum" {spect, Fly rElec, shortrare=g}
                  | hits the scorpion!
 11169 | D:10     | your +5 quick blade "Anlum" {spect, Fly rElec, shortrare=g}
                  | barely misses the wight.
 11175 | D:10     | Reached skill level 3 in Evocations
 11177 | D:10     | your +5 quick blade "Anlum" {spect, Fly rElec, shortrare=g}
                  | hits the wight.
 11178 | D:10     | your +5 quick blade "Anlum" {spect, Fly rElec, shortrare=g}
                  | closely misses the wight.
 11416 | D:10     | Found a staircase to the Lair.
 11962 | D:10     | Noticed a two-headed ogre
 11966 | D:10     | Killed a two-headed ogre
 11967 | D:10     | Reached skill level 5 in Evocations
 12105 | D:11     | your +5 quick blade "Anlum" {spect, Fly rElec, shortrare=g}
                  | completely misses the orc wizard.
 12164 | D:11     | You pick up a book of Debilitation and begin reading...
 12164 | D:11     | You add the spells Slow, Vampiric Draining and Confusing
                  | Touch to your library.
 12208 | D:11     | Noticed a two-headed ogre
 12212 | D:11     | Killed a two-headed ogre
 12213 | D:11     | Reached skill level 6 in Evocations
 12223 | D:11     | your +5 quick blade "Anlum" {spect, Fly rElec, shortrare=g}
                  | closely misses the troll.
 12224 | D:11     | your +5 quick blade "Anlum" {spect, Fly rElec, shortrare=g}
                  | hits the troll!
 12224 | D:11     | the troll bites your +5 quick blade "Anlum" {spect, Fly
                  | rElec, shortrare=g}.
 12224 | D:11     | the troll claws your +5 quick blade "Anlum" {spect, Fly
                  | rElec, shortrare=g}.
 12224 | D:11     | the troll barely misses your +5 quick blade "Anlum" {spect,
                  | Fly rElec, shortrare=g}.
 12225 | D:11     | your +5 quick blade "Anlum" {spect, Fly rElec, shortrare=g}
                  | hits the troll!
 12254 | D:11     | Found a portal to a secret trove of treasure.
 12448 | D:11     | your +5 quick blade "Anlum" {spect, Fly rElec, shortrare=g}
                  | hits the shadow.
 12526 | D:11     | Reached skill level 7 in Evocations
 12529 | D:11     | your +5 quick blade "Anlum" {spect, Fly rElec, shortrare=g}
                  | hits the centaur warrior zombie!
 12529 | D:11     | the centaur warrior zombie hits your +5 quick blade "Anlum"
                  | {spect, Fly rElec, shortrare=g}.
 12529 | D:11     | the centaur warrior zombie closely misses your +5 quick
                  | blade "Anlum" {spect, Fly rElec, shortrare=g}.
 12530 | D:11     | your +5 quick blade "Anlum" {spect, Fly rElec, shortrare=g}
                  | hits the centaur warrior zombie!
 12530 | D:11     | the centaur warrior skeleton misses your +5 quick blade
                  | "Anlum" {spect, Fly rElec, shortrare=g}.
 12530 | D:11     | the centaur warrior skeleton barely misses your +5 quick
                  | blade "Anlum" {spect, Fly rElec, shortrare=g}.
 12532 | D:11     | Reached skill level 8 in Evocations
 12532 | D:11     | Reached XP level 12. HP: 81/81 MP: 12/12
 12533 | D:11     | your +5 quick blade "Anlum" {spect, Fly rElec, shortrare=g}
                  | hits the centaur warrior zombie!
 12534 | D:11     | your +5 quick blade "Anlum" {spect, Fly rElec, shortrare=g}
                  | hits the centaur warrior zombie.
 12535 | D:11     | your +5 quick blade "Anlum" {spect, Fly rElec, shortrare=g}
                  | hits the centaur warrior zombie.
 12537 | D:11     | your +5 quick blade "Anlum" {spect, Fly rElec, shortrare=g}
                  | hits the centaur warrior skeleton!
 12538 | D:11     | your +5 quick blade "Anlum" {spect, Fly rElec, shortrare=g}
                  | hits the centaur warrior skeleton!
 12804 | D:11     | your +5 quick blade "Anlum" {spect, Fly rElec, shortrare=g}
                  | hits the manticore.
 12806 | D:11     | Reached skill level 9 in Evocations
 13067 | D:12     | your +5 quick blade "Anlum" {spect, Fly rElec, shortrare=g}
                  | barely misses the wraith.
 13068 | D:12     | your +5 quick blade "Anlum" {spect, Fly rElec, shortrare=g}
                  | hits the wraith.
 13075 | D:12     | your +5 quick blade "Anlum" {spect, Fly rElec, shortrare=g}
                  | hits the orc warrior.
 13076 | D:12     | your +5 quick blade "Anlum" {spect, Fly rElec, shortrare=g}
                  | hits something!
 13076 | D:12     | the orc hits your +5 quick blade "Anlum" {spect, Fly rElec,
                  | shortrare=g} but does no damage.
 13079 | D:12     | your +5 quick blade "Anlum" {spect, Fly rElec, shortrare=g}
                  | hits the orc warrior but does no damage.
 13080 | D:12     | your +5 quick blade "Anlum" {spect, Fly rElec, shortrare=g}
                  | hits the orc warrior.
 13082 | D:12     | Reached skill level 10 in Evocations
 13082 | D:12     | your +5 quick blade "Anlum" {spect, Fly rElec, shortrare=g}
                  | hits the orc!
 13213 | D:12     | your +5 quick blade "Anlum" {spect, Fly rElec, shortrare=g}
                  | barely misses the slime creature.
 13214 | D:12     | your +5 quick blade "Anlum" {spect, Fly rElec, shortrare=g}
                  | hits the slime creature!
 13215 | D:12     | your +5 quick blade "Anlum" {spect, Fly rElec, shortrare=g}
                  | hits the slime creature!
 13216 | D:12     | your +5 quick blade "Anlum" {spect, Fly rElec, shortrare=g}
                  | hits the slime creature!
 13216 | D:12     | the slime creature hits your +5 quick blade "Anlum" {spect,
                  | Fly rElec, shortrare=g}.
 13394 | D:12     | your +5 quick blade "Anlum" {spect, Fly rElec, shortrare=g}
                  | closely misses the large slime creature.
 13395 | D:12     | your +5 quick blade "Anlum" {spect, Fly rElec, shortrare=g}
                  | hits the large slime creature!
 13396 | D:12     | your +5 quick blade "Anlum" {spect, Fly rElec, shortrare=g}
                  | hits the large slime creature!
 13397 | D:12     | your +5 quick blade "Anlum" {spect, Fly rElec, shortrare=g}
                  | hits the large slime creature.
 13398 | D:12     | your +5 quick blade "Anlum" {spect, Fly rElec, shortrare=g}
                  | hits the large slime creature!
 13399 | D:12     | your +5 quick blade "Anlum" {spect, Fly rElec, shortrare=g}
                  | hits the very large slime creature!
 13400 | D:12     | your +5 quick blade "Anlum" {spect, Fly rElec, shortrare=g}
                  | hits the very large slime creature.
 13401 | D:12     | your +5 quick blade "Anlum" {spect, Fly rElec, shortrare=g}
                  | barely misses the very large slime creature.
 13402 | D:12     | your +5 quick blade "Anlum" {spect, Fly rElec, shortrare=g}
                  | hits the very large slime creature!
 13404 | D:12     | your +5 quick blade "Anlum" {spect, Fly rElec, shortrare=g}
                  | hits the slime creature.
 13405 | D:12     | your +5 quick blade "Anlum" {spect, Fly rElec, shortrare=g}
                  | barely misses the slime creature.
 13406 | D:12     | your +5 quick blade "Anlum" {spect, Fly rElec, shortrare=g}
                  | hits the slime creature!
 13408 | D:12     | Reached skill level 11 in Evocations
 13408 | D:12     | your +5 quick blade "Anlum" {spect, Fly rElec, shortrare=g}
                  | hits the slime creature.
 13409 | D:12     | your +5 quick blade "Anlum" {spect, Fly rElec, shortrare=g}
                  | hits the slime creature!
 13410 | D:12     | your +5 quick blade "Anlum" {spect, Fly rElec, shortrare=g}
                  | hits the large slime creature!
 13411 | D:12     | your +5 quick blade "Anlum" {spect, Fly rElec, shortrare=g}
                  | hits the large slime creature!
 13412 | D:12     | your +5 quick blade "Anlum" {spect, Fly rElec, shortrare=g}
                  | hits the large slime creature!
 13413 | D:12     | your +5 quick blade "Anlum" {spect, Fly rElec, shortrare=g}
                  | hits the large slime creature!
 13416 | D:12     | your +5 quick blade "Anlum" {spect, Fly rElec, shortrare=g}
                  | hits the slime creature!
 13417 | D:12     | your +5 quick blade "Anlum" {spect, Fly rElec, shortrare=g}
                  | hits the slime creature!
 13418 | D:12     | your +5 quick blade "Anlum" {spect, Fly rElec, shortrare=g}
                  | hits the slime creature!
 13420 | D:12     | your +5 quick blade "Anlum" {spect, Fly rElec, shortrare=g}
                  | hits the slime creature!
 13648 | D:12     | your +5 quick blade "Anlum" {spect, Fly rElec, shortrare=g}
                  | hits the vampire mosquito!
 13649 | D:12     | your +5 quick blade "Anlum" {spect, Fly rElec, shortrare=g}
                  | closely misses the vampire mosquito.
 13650 | D:12     | your +5 quick blade "Anlum" {spect, Fly rElec, shortrare=g}
                  | hits the vampire mosquito.
 13650 | D:12     | the vampire mosquito misses your +5 quick blade "Anlum"
                  | {spect, Fly rElec, shortrare=g}.
 13652 | D:12     | your +5 quick blade "Anlum" {spect, Fly rElec, shortrare=g}
                  | hits the vampire mosquito.
 13653 | D:12     | Reached **** piety under Dithmenos
 13655 | D:12     | your +5 quick blade "Anlum" {spect, Fly rElec, shortrare=g}
                  | barely misses the vampire mosquito.
 13656 | D:12     | your +5 quick blade "Anlum" {spect, Fly rElec, shortrare=g}
                  | barely misses the vampire mosquito.
 13658 | D:12     | your +5 quick blade "Anlum" {spect, Fly rElec, shortrare=g}
                  | hits the vampire mosquito.
 13780 | D:12     | Found a staircase to the Orcish Mines.
 13784 | D:12     | Found Golin's Armour Boutique.
 13788 | D:12     | your +5 quick blade "Anlum" {spect, Fly rElec, shortrare=g}
                  | hits the troll.
 13789 | D:12     | your +5 quick blade "Anlum" {spect, Fly rElec, shortrare=g}
                  | barely misses the troll.
 13791 | D:12     | Reached skill level 12 in Evocations
 13791 | D:12     | your +5 quick blade "Anlum" {spect, Fly rElec, shortrare=g}
                  | completely misses the orc.
 13835 | D:12     | Bought a +2 cloak of preservation for 236 gold pieces
 13871 | D:12     | Noticed Frances
 13875 | D:12     | Killed Frances
 14433 | D:13     | Noticed a tengu warrior
 14446 | D:13     | Killed a tengu warrior
 14447 | D:13     | Reached skill level 13 in Evocations
 14447 | D:13     | Noticed a centaur warrior
 14451 | D:13     | Killed a centaur warrior
 14518 | D:13     | your +5 quick blade "Anlum" {spect, Fly rElec, shortrare=g}
                  | completely misses the white ugly thing.
 14519 | D:13     | your +5 quick blade "Anlum" {spect, Fly rElec, shortrare=g}
                  | closely misses the white ugly thing.
 14520 | D:13     | your +5 quick blade "Anlum" {spect, Fly rElec, shortrare=g}
                  | hits the white ugly thing.
 14792 | D:13     | Noticed a centaur warrior
 14793 | D:13     | Killed a centaur warrior
 14794 | D:13     | Reached skill level 1 in Shields
 14794 | D:13     | Reached XP level 13. HP: 86/86 MP: 13/13
 15000 | D:13     | Noticed a boulder beetle
 15006 | D:13     | Killed a boulder beetle
 15015 | D:13     | You pick up a book of Beasts and begin reading...
 15015 | D:13     | You add the spells Summon Ice Beast, Summon Mana Viper and
                  | Monstrous Menagerie to your library.
 15047 | D:13     | magus.rc [v1.9.6]
 15058 | D:13     | Noticed a centaur warrior
 15061 | D:13     | magus.rc [v1.9.6]
 15062 | D:13     | Killed a centaur warrior
 15063 | D:13     | Reached skill level 2 in Shields
 15105 | D:13     | Noticed a centaur warrior
 15108 | D:13     | your +5 quick blade "Anlum" {spect, Fly rElec, shortrare=g}
                  | hits the centaur warrior.
 15109 | D:13     | your +5 quick blade "Anlum" {spect, Fly rElec, shortrare=g}
                  | hits the centaur warrior!
 15110 | D:13     | Killed a centaur warrior
 15111 | D:13     | Reached skill level 14 in Evocations
 15370 | D:13     | your +5 quick blade "Anlum" {spect, Fly rElec, shortrare=g}
                  | hits something.
 15371 | D:13     | your +5 quick blade "Anlum" {spect, Fly rElec, shortrare=g}
                  | hits something!
 15372 | D:13     | your +5 quick blade "Anlum" {spect, Fly rElec, shortrare=g}
                  | hits something.
 15373 | D:13     | your +5 quick blade "Anlum" {spect, Fly rElec, shortrare=g}
                  | hits something!
 15373 | D:13     | your +5 quick blade "Anlum" {spect, Fly rElec, shortrare=g}
                  | hits the plant!
 15374 | D:13     | your +5 quick blade "Anlum" {spect, Fly rElec, shortrare=g}
                  | hits something.
 15374 | D:13     | something hits your +5 quick blade "Anlum" {spect, Fly
                  | rElec, shortrare=g}!
 15378 | D:13     | your +5 quick blade "Anlum" {spect, Fly rElec, shortrare=g}
                  | barely misses the shadow.
 15379 | D:13     | your +5 quick blade "Anlum" {spect, Fly rElec, shortrare=g}
                  | hits the shadow!
 15384 | D:13     | your +5 quick blade "Anlum" {spect, Fly rElec, shortrare=g}
                  | hits the plant.
 15385 | D:13     | your +5 quick blade "Anlum" {spect, Fly rElec, shortrare=g}
                  | hits the plant!
 15471 | D:13     | your +5 quick blade "Anlum" {spect, Fly rElec, shortrare=g}
                  | hits the water elemental!
 15473 | D:13     | Reached skill level 3 in Shields
 15513 | D:13     | Found Sajazeal's Antique Armour Shop.
 15525 | D:13     | magus.rc [v1.9.6]
 15534 | D:13     | Noticed a vault guard
 15536 | D:13     | Noticed a vault guard
 15538 | D:13     | Killed a vault guard
 15539 | D:13     | Noticed a vault guard
 15540 | D:13     | your +5 quick blade "Anlum" {spect, Fly rElec, shortrare=g}
                  | hits the human.
 15541 | D:13     | your +5 quick blade "Anlum" {spect, Fly rElec, shortrare=g}
                  | hits the human!
 15542 | D:13     | your +5 quick blade "Anlum" {spect, Fly rElec, shortrare=g}
                  | hits the vault guard.
 15543 | D:13     | your +5 quick blade "Anlum" {spect, Fly rElec, shortrare=g}
                  | hits the vault guard.
 15544 | D:13     | your +5 quick blade "Anlum" {spect, Fly rElec, shortrare=g}
                  | barely misses the vault guard.
 15545 | D:13     | your +5 quick blade "Anlum" {spect, Fly rElec, shortrare=g}
                  | hits the vault guard.
 15546 | D:13     | your +5 quick blade "Anlum" {spect, Fly rElec, shortrare=g}
                  | barely misses the vault guard.
 15547 | D:13     | your +5 quick blade "Anlum" {spect, Fly rElec, shortrare=g}
                  | hits the vault guard but does no damage.
 15548 | D:13     | your +5 quick blade "Anlum" {spect, Fly rElec, shortrare=g}
                  | hits the vault guard but does no damage.
 15549 | D:13     | the vault guard blocks your +5 quick blade "Anlum" {spect,
                  | Fly rElec, shortrare=g}'s attack.
 15550 | D:13     | your +5 quick blade "Anlum" {spect, Fly rElec, shortrare=g}
                  | hits the vault guard but does no damage.
 15551 | D:13     | your +5 quick blade "Anlum" {spect, Fly rElec, shortrare=g}
                  | hits the vault guard but does no damage.
 15552 | D:13     | your +5 quick blade "Anlum" {spect, Fly rElec, shortrare=g}
                  | hits the vault guard but does no damage.
 15553 | D:13     | your +5 quick blade "Anlum" {spect, Fly rElec, shortrare=g}
                  | hits the vault guard.
 15554 | D:13     | the vault guard blocks your +5 quick blade "Anlum" {spect,
                  | Fly rElec, shortrare=g}'s attack.
 15555 | D:13     | Killed a vault guard
 15556 | D:13     | your +5 quick blade "Anlum" {spect, Fly rElec, shortrare=g}
                  | hits the vault guard but does no damage.
 15557 | D:13     | your +5 quick blade "Anlum" {spect, Fly rElec, shortrare=g}
                  | hits the vault guard but does no damage.
 15558 | D:13     | your +5 quick blade "Anlum" {spect, Fly rElec, shortrare=g}
                  | hits the vault guard.
 15559 | D:13     | Killed a vault guard
 15560 | D:13     | Reached skill level 4 in Shields
 15560 | D:13     | your +5 quick blade "Anlum" {spect, Fly rElec, shortrare=g}
                  | closely misses the human.
 15561 | D:13     | your +5 quick blade "Anlum" {spect, Fly rElec, shortrare=g}
                  | hits the human.
 15562 | D:13     | your +5 quick blade "Anlum" {spect, Fly rElec, shortrare=g}
                  | hits the human.
 15563 | D:13     | your +5 quick blade "Anlum" {spect, Fly rElec, shortrare=g}
                  | hits the human.
 15564 | D:13     | your +5 quick blade "Anlum" {spect, Fly rElec, shortrare=g}
                  | hits the human!
 15566 | D:13     | your +5 quick blade "Anlum" {spect, Fly rElec, shortrare=g}
                  | hits the human!
 15568 | D:13     | Noticed a vault guard
 15568 | D:13     | Noticed a vault guard
 15588 | D:13     | Noticed a vault guard
 15590 | D:13     | your +5 quick blade "Anlum" {spect, Fly rElec, shortrare=g}
                  | hits the vault guard.
 15590 | D:13     | the vault guard hits your +5 quick blade "Anlum" {spect,
                  | Fly rElec, shortrare=g} with a +0 war axe!
 15591 | D:13     | the vault guard blocks your +5 quick blade "Anlum" {spect,
                  | Fly rElec, shortrare=g}'s attack.
 15592 | D:13     | Killed a vault guard
 15596 | D:13     | your +5 quick blade "Anlum" {spect, Fly rElec, shortrare=g}
                  | hits the vault guard.
 15596 | D:13     | the vault guard hits your +5 quick blade "Anlum" {spect,
                  | Fly rElec, shortrare=g} with a +0 great mace!
 15597 | D:13     | your +5 quick blade "Anlum" {spect, Fly rElec, shortrare=g}
                  | hits the vault guard but does no damage.
 15598 | D:13     | your +5 quick blade "Anlum" {spect, Fly rElec, shortrare=g}
                  | hits the vault guard.
 15599 | D:13     | your +5 quick blade "Anlum" {spect, Fly rElec, shortrare=g}
                  | hits the vault guard.
 15600 | D:13     | your +5 quick blade "Anlum" {spect, Fly rElec, shortrare=g}
                  | hits the vault guard but does no damage.
 15601 | D:13     | your +5 quick blade "Anlum" {spect, Fly rElec, shortrare=g}
                  | hits the vault guard!
 15602 | D:13     | Killed a vault guard
 15603 | D:13     | Reached skill level 15 in Evocations
 15604 | D:13     | your +5 quick blade "Anlum" {spect, Fly rElec, shortrare=g}
                  | hits the vault guard.
 15605 | D:13     | your +5 quick blade "Anlum" {spect, Fly rElec, shortrare=g}
                  | hits the vault guard.
 15606 | D:13     | your +5 quick blade "Anlum" {spect, Fly rElec, shortrare=g}
                  | hits the vault guard.
 15607 | D:13     | your +5 quick blade "Anlum" {spect, Fly rElec, shortrare=g}
                  | hits the vault guard but does no damage.
 15608 | D:13     | your +5 quick blade "Anlum" {spect, Fly rElec, shortrare=g}
                  | hits the vault guard.
 15608 | D:13     | Killed a vault guard
 15609 | D:13     | Reached skill level 5 in Shields
 15648 | D:13     | Found a gate to the Vaults.
 15778 | D:13     | your +5 quick blade "Anlum" {spect, Fly rElec, shortrare=g}
                  | hits the plant.
 15780 | D:13     | your +5 quick blade "Anlum" {spect, Fly rElec, shortrare=g}
                  | hits the plant!
 15787 | D:13     | your +5 quick blade "Anlum" {spect, Fly rElec, shortrare=g}
                  | hits the electric eel!
 15789 | D:13     | your +5 quick blade "Anlum" {spect, Fly rElec, shortrare=g}
                  | hits the water elemental.
 15790 | D:13     | your +5 quick blade "Anlum" {spect, Fly rElec, shortrare=g}
                  | barely misses the water elemental.
 15791 | D:13     | your +5 quick blade "Anlum" {spect, Fly rElec, shortrare=g}
                  | hits the water elemental!
 16034 | D:14     | your +5 quick blade "Anlum" {spect, Fly rElec, shortrare=g}
                  | hits the two-headed ogre!
 16035 | D:14     | your +5 quick blade "Anlum" {spect, Fly rElec, shortrare=g}
                  | closely misses the two-headed ogre.
 16036 | D:14     | your +5 quick blade "Anlum" {spect, Fly rElec, shortrare=g}
                  | hits the two-headed ogre.
 16086 | D:14     | your +5 quick blade "Anlum" {spect, Fly rElec, shortrare=g}
                  | hits the basilisk!
 16087 | D:14     | your +5 quick blade "Anlum" {spect, Fly rElec, shortrare=g}
                  | hits the basilisk but does no damage.
 16088 | D:14     | your +5 quick blade "Anlum" {spect, Fly rElec, shortrare=g}
                  | misses the basilisk.
 16089 | D:14     | your +5 quick blade "Anlum" {spect, Fly rElec, shortrare=g}
                  | hits the basilisk.
 16090 | D:14     | your +5 quick blade "Anlum" {spect, Fly rElec, shortrare=g}
                  | hits the basilisk!
 16150 | D:14     | You pick up a book of Lightning and begin reading...
 16187 | D:14     | You pick up a book of Burglary and begin reading...
 16187 | D:14     | You add the spells Passwall, Ensorcelled Hibernation and
                  | Swiftness to your library.
 16192 | D:14     | your +5 quick blade "Anlum" {spect, Fly rElec, shortrare=g}
                  | hits the efreet.
 16193 | D:14     | your +5 quick blade "Anlum" {spect, Fly rElec, shortrare=g}
                  | hits the efreet but does no damage.
 16208 | D:14     | your +5 quick blade "Anlum" {spect, Fly rElec, shortrare=g}
                  | hits the freezing wraith but does no damage.
 16209 | D:14     | your +5 quick blade "Anlum" {spect, Fly rElec, shortrare=g}
                  | hits the freezing wraith.
 16210 | D:14     | your +5 quick blade "Anlum" {spect, Fly rElec, shortrare=g}
                  | hits the freezing wraith!
 16211 | D:14     | your +5 quick blade "Anlum" {spect, Fly rElec, shortrare=g}
                  | hits the freezing wraith.
 16212 | D:14     | your +5 quick blade "Anlum" {spect, Fly rElec, shortrare=g}
                  | hits the freezing wraith but does no damage.
 16221 | D:14     | Noticed a centaur warrior
 16336 | D:14     | your +5 quick blade "Anlum" {spect, Fly rElec, shortrare=g}
                  | hits the centaur warrior.
 16337 | D:14     | your +5 quick blade "Anlum" {spect, Fly rElec, shortrare=g}
                  | hits the centaur warrior.
 16338 | D:14     | your +5 quick blade "Anlum" {spect, Fly rElec, shortrare=g}
                  | hits the centaur warrior.
 16339 | D:14     | Killed a centaur warrior
 16340 | D:14     | Reached skill level 6 in Shields
 16406 | D:14     | Identified the ring "Tozisoqe" {Fly rPois Will- Str+2}
 16525 | D:14     | Reached skill level 7 in Shields
 16526 | D:14     | your +5 quick blade "Anlum" {spect, Fly rElec, shortrare=g}
                  | hits the red ugly thing.
 16527 | D:14     | your +5 quick blade "Anlum" {spect, Fly rElec, shortrare=g}
                  | hits the red ugly thing.
 16528 | D:14     | your +5 quick blade "Anlum" {spect, Fly rElec, shortrare=g}
                  | barely misses the red ugly thing.
 16529 | D:14     | your +5 quick blade "Anlum" {spect, Fly rElec, shortrare=g}
                  | hits the red ugly thing.
 16530 | D:14     | your +5 quick blade "Anlum" {spect, Fly rElec, shortrare=g}
                  | hits the red ugly thing.
 16530 | D:14     | the red ugly thing punches your +5 quick blade "Anlum"
                  | {spect, Fly rElec, shortrare=g}!
 16530 | D:14     | your +5 quick blade "Anlum" {spect, Fly rElec, shortrare=g}
                  | is engulfed in flames!
 16530 | D:14     | your +5 quick blade "Anlum" {spect, Fly rElec, shortrare=g}
                  | resists.
 16531 | D:14     | your +5 quick blade "Anlum" {spect, Fly rElec, shortrare=g}
                  | hits the red ugly thing!
 16543 | D:14     | You pick up a book of Unlife and begin reading...
 16543 | D:14     | You add the spells Animate Dead, Borgnjor's Vile Clutch and
                  | Death Channel to your library.
 16567 | D:14     | Reached XP level 14. HP: 92/92 MP: 14/14
 16567 | D:14     | Found a white marble altar of Elyvilon.
 16568 | D:14     | your +5 quick blade "Anlum" {spect, Fly rElec, shortrare=g}
                  | barely misses the cyan ugly thing.
 16569 | D:14     | your +5 quick blade "Anlum" {spect, Fly rElec, shortrare=g}
                  | hits the cyan ugly thing.
 16570 | D:14     | your +5 quick blade "Anlum" {spect, Fly rElec, shortrare=g}
                  | hits the cyan ugly thing!
 16571 | D:14     | your +5 quick blade "Anlum" {spect, Fly rElec, shortrare=g}
                  | misses the cyan ugly thing.
 16572 | D:14     | your +5 quick blade "Anlum" {spect, Fly rElec, shortrare=g}
                  | hits the cyan ugly thing.
 16575 | D:14     | your +5 quick blade "Anlum" {spect, Fly rElec, shortrare=g}
                  | hits the cyan ugly thing.
 16576 | D:14     | your +5 quick blade "Anlum" {spect, Fly rElec, shortrare=g}
                  | hits the cyan ugly thing.
 16577 | D:14     | your +5 quick blade "Anlum" {spect, Fly rElec, shortrare=g}
                  | hits the cyan ugly thing.
 16578 | D:14     | your +5 quick blade "Anlum" {spect, Fly rElec, shortrare=g}
                  | hits the cyan ugly thing!
 16592 | D:14     | your +5 quick blade "Anlum" {spect, Fly rElec, shortrare=g}
                  | hits the cyclops.
 16593 | D:14     | your +5 quick blade "Anlum" {spect, Fly rElec, shortrare=g}
                  | hits the cyclops!
 16594 | D:14     | your +5 quick blade "Anlum" {spect, Fly rElec, shortrare=g}
                  | hits the cyclops.
 16595 | D:14     | your +5 quick blade "Anlum" {spect, Fly rElec, shortrare=g}
                  | hits the cyclops.
 16597 | D:14     | Reached skill level 1 in Fire Magic
 16616 | D:14     | your +5 quick blade "Anlum" {spect, Fly rElec, shortrare=g}
                  | hits the deep elf pyromancer!
 16617 | D:14     | your +5 quick blade "Anlum" {spect, Fly rElec, shortrare=g}
                  | barely misses the deep elf pyromancer.
 16618 | D:14     | your +5 quick blade "Anlum" {spect, Fly rElec, shortrare=g}
                  | hits the deep elf pyromancer.
 16656 | D:14     | Reached skill level 9 in Short Blades
 16734 | D:14     | You pick up a book of the Senses and begin reading...
 16734 | D:14     | You add the spells Dazzling Flash, Agony and Silence to
                  | your library.
 17026 | D:15     | Entered Level 15 of the Dungeon
 17098 | D:15     | Found an ornate altar of the Wu Jian Council.
 17144 | D:15     | your +5 quick blade "Anlum" {spect, Fly rElec, shortrare=g}
                  | hits the rakshasa!
 17199 | D:15     | Found a huge runed gate.
 17199 | D:15     | Found a huge runed gate.
 17199 | D:15     | Found a huge runed gate.
 17200 | D:15     | Found a huge runed gate.
 17201 | D:15     | Found a huge runed gate.
 17202 | D:15     | Found a huge runed gate.
 17203 | D:15     | Found a huge runed gate.
 17204 | D:15     | Found a huge runed gate.
 17205 | D:15     | Found a huge runed gate.
 17206 | D:15     | Found a huge runed gate.
 17207 | D:15     | Found a huge runed gate.
 17208 | D:15     | Found a huge runed gate.
 17209 | D:15     | Found a huge runed gate.
 17220 | D:15     | Reached ***** piety under Dithmenos
 17221 | D:15     | Reached skill level 10 in Short Blades
 17227 | D:15     | Found a staircase to the Depths.
 17227 | D:15     | Noticed a dire elephant
 17229 | D:15     | your +5 quick blade "Anlum" {spect, Fly rElec, shortrare=g}
                  | hits the dire elephant.
 17230 | D:15     | your +5 quick blade "Anlum" {spect, Fly rElec, shortrare=g}
                  | hits the dire elephant but does no damage.
 17231 | D:15     | your +5 quick blade "Anlum" {spect, Fly rElec, shortrare=g}
                  | hits the dire elephant.
 17232 | D:15     | your +5 quick blade "Anlum" {spect, Fly rElec, shortrare=g}
                  | barely misses the dire elephant.
 17233 | D:15     | your +5 quick blade "Anlum" {spect, Fly rElec, shortrare=g}
                  | hits the dire elephant.
 17234 | D:15     | your +5 quick blade "Anlum" {spect, Fly rElec, shortrare=g}
                  | hits the dire elephant.
 17235 | D:15     | your +5 quick blade "Anlum" {spect, Fly rElec, shortrare=g}
                  | completely misses the dire elephant.
 17236 | D:15     | your +5 quick blade "Anlum" {spect, Fly rElec, shortrare=g}
                  | hits the dire elephant.
 17237 | D:15     | Killed a dire elephant
 17239 | D:15     | your +5 quick blade "Anlum" {spect, Fly rElec, shortrare=g}
                  | hits the seven-headed hydra.
 17240 | D:15     | your +5 quick blade "Anlum" {spect, Fly rElec, shortrare=g}
                  | hits the seven-headed hydra!
 17241 | D:15     | your +5 quick blade "Anlum" {spect, Fly rElec, shortrare=g}
                  | hits the seven-headed hydra!
 17242 | D:15     | your +5 quick blade "Anlum" {spect, Fly rElec, shortrare=g}
                  | hits the seven-headed hydra!
 17243 | D:15     | Reached skill level 11 in Short Blades
 17278 | D:15     | Found a huge runed gate.
 17282 | D:15     | Found a huge runed gate.
 17282 | D:15     | Found a huge runed gate.
 17299 | D:15     | Found a huge runed gate.
 17299 | D:15     | Found a huge runed gate.
 17299 | D:15     | Found a huge runed gate.
 17299 | D:15     | Found a huge runed gate.
 17299 | D:15     | Found a huge runed gate.
 17301 | D:15     | your +5 quick blade "Anlum" {spect, Fly rElec, shortrare=g}
                  | hits the centaur!
 17340 | D:15     | Found a huge runed gate.
 17341 | D:15     | Found a huge runed gate.
 17348 | D:15     | Found a huge runed gate.
 17348 | D:15     | Found a huge runed gate.
 17348 | D:15     | Found a huge runed gate.
 17349 | D:15     | Found a huge runed gate.
 17350 | D:15     | Found a huge runed gate.
 17351 | D:15     | Found a huge runed gate.
 17353 | D:15     | Found a huge runed gate.
 17372 | D:15     | Found a huge runed gate.
 17373 | D:15     | Found a huge runed gate.
 17378 | D:15     | Found a huge runed gate.
 17381 | D:15     | You pick up a book of Touch and begin reading...
 17381 | D:15     | You add the spells Sticky Flame and Dispel Undead to your
                  | library.
 17382 | D:15     | Found a huge runed gate.
 17777 | D:15     | Reached skill level 12 in Short Blades
 17778 | D:15     | your +5 quick blade "Anlum" {spect, Fly rElec, shortrare=g}
                  | hits the red ugly thing.
 17779 | D:15     | your +5 quick blade "Anlum" {spect, Fly rElec, shortrare=g}
                  | hits the red ugly thing!
 17780 | D:15     | your +5 quick blade "Anlum" {spect, Fly rElec, shortrare=g}
                  | hits the red ugly thing.
 17781 | D:15     | your +5 quick blade "Anlum" {spect, Fly rElec, shortrare=g}
                  | barely misses the red ugly thing.
 17782 | D:15     | your +5 quick blade "Anlum" {spect, Fly rElec, shortrare=g}
                  | hits the red ugly thing!
 17784 | D:15     | your +5 quick blade "Anlum" {spect, Fly rElec, shortrare=g}
                  | barely misses the red ugly thing.
 17785 | D:15     | your +5 quick blade "Anlum" {spect, Fly rElec, shortrare=g}
                  | closely misses the red ugly thing.
 17786 | D:15     | your +5 quick blade "Anlum" {spect, Fly rElec, shortrare=g}
                  | hits the red ugly thing!
 17787 | D:15     | your +5 quick blade "Anlum" {spect, Fly rElec, shortrare=g}
                  | hits the red ugly thing!
 17787 | D:15     | the red ugly thing punches your +5 quick blade "Anlum"
                  | {spect, Fly rElec, shortrare=g}.
 17787 | D:15     | your +5 quick blade "Anlum" {spect, Fly rElec, shortrare=g}
                  | is engulfed in flames!
 17787 | D:15     | your +5 quick blade "Anlum" {spect, Fly rElec, shortrare=g}
                  | resists.
 17788 | D:15     | your +5 quick blade "Anlum" {spect, Fly rElec, shortrare=g}
                  | barely misses the red ugly thing.
 17789 | D:15     | your +5 quick blade "Anlum" {spect, Fly rElec, shortrare=g}
                  | hits the red ugly thing!
 17914 | D:15     | Reached skill level 13 in Short Blades
 18101 | D:15     | your +5 quick blade "Anlum" {spect, Fly rElec, shortrare=g}
                  | hits the centaur warrior!
 18102 | D:15     | your +5 quick blade "Anlum" {spect, Fly rElec, shortrare=g}
                  | hits the centaur warrior!
 18103 | D:15     | your +5 quick blade "Anlum" {spect, Fly rElec, shortrare=g}
                  | hits the centaur warrior.
 18103 | D:15     | the centaur warrior hits your +5 quick blade "Anlum"
                  | {spect, Fly rElec, shortrare=g}.
 18103 | D:15     | the centaur warrior barely misses your +5 quick blade
                  | "Anlum" {spect, Fly rElec, shortrare=g}.
 18295 | D:15     | Found a huge runed gate.
 18295 | D:15     | Found a huge runed gate.
 18712 | D:15     | Noticed Hicouxt's ghost (journeyman DEFE)
 18712 | D:15     | Noticed Kyghewu's ghost (adept GrFi)
 18712 | D:15     | Noticed Opripao's ghost (journeyman MiFi)
 18712 | D:15     | Noticed Eliad's ghost (adept DEFE)
 18719 | D:15     | Noticed Yamstis's ghost (adept GnMo)
 18719 | D:15     | Noticed a frost giant
 18719 | D:15     | Noticed Guh Rysug's ghost (journeyman DsGl)
 18740 | D:15     | Killed a frost giant
 18742 | D:15     | HP: 21/138 [phantasmal warrior (24)]
 18742 | D:15     | HP: 3/138 [Kyghewu's ghost (18)]
 18742 | D:15     | Slain by Kyghewu's ghost

Vanquished Creatures
  Frances (D:12)
  A frost giant (D:15)
  A dire elephant (D:15)
  An ettin (D:15)
  6 vault guards (D:13)
  A hydra (D:15)
  A boulder beetle (D:13)
  2 rakshasas (D:15)
  8 centaur warriors
  3 two-headed ogres
  A tengu warrior (D:13)
  An orc high priest (Bailey)
  Pikel (D:7)
  2 deep elf pyromancers
  2 orc knights (Bailey)
  A wolf spider (D:15)
  16 ugly things
  2 manticores
  A salamander (D:15)
  2 cyclopes
  A spectral centaur (D:11)
  2 centaur zombies (D:11)
  An unseen horror (D:13)
  An eye of devastation (shapeshifter) (D:15)
  2 centaur skeletons (D:11)
  2 kobold demonologists
  2 yaktaurs (D:15)
  An efreet (D:14)
  A yaktaur (shapeshifter) (D:14)
  2 freezing wraiths
  2 tengu conjurers
  5 trolls
  A hornet (D:9)
  7 slime creatures (D:12)
  2 water elementals (D:13)
  4 shadows
  5 humans (D:13)
  A wraith (D:12)
  A yak (D:10)
  2 wyverns (D:7)
  2 basilisks
  A hog (shapeshifter) (D:15)
  A steam dragon (D:8)
  4 vampire mosquitoes (D:12)
  An ice beast (D:6)
  17 orc warriors
  An ogre (D:5)
  A black bear (D:8)
  10 centaurs
  A lemure (D:7)
  A phantom (D:4)
  2 kobold brigands
  2 necrophages
  5 bullfrogs
  A gnoll sergeant (D:9)
  4 scorpions
  10 wights
  3 killer bees (D:9)
  10 electric eels
  4 howler monkeys
  2 jellies
  2 human zombies (Ossuary)
  2 gnoll shamans
  7 orc priests
  3 hounds
  3 iguanas
  13 orc wizards
  4 mummies (Ossuary)
  11 gnolls
  8 adders
  A shadow imp (D:6)
  An adder zombie (Ossuary)
  A dart slug (D:3)
  39 orcs
  8 ball pythons
  4 endoplasms
  4 giant cockroaches
  14 goblins
  15 hobgoblins
  8 kobolds
  5 quokkas
  8 bats
  3 frilled lizards
  A gnoll zombie (Ossuary)
  3 goblin zombies (Ossuary)
  3 hobgoblin zombies (Ossuary)
  A jackal zombie (Ossuary)
  A kobold zombie (Ossuary)
  4 rats
359 creatures vanquished.

Vanquished Creatures (others)
  A human (D:13)
  4 fungi (D:10)
  17 plants
22 creatures vanquished.

Grand Total: 381 creatures vanquished

Table legend:
 A = Non-vault XP
 B = Vault XP
 C = Vault XP percentage of total XP
 D = Non-vault monster count
 E = Vault monster count
 F = Vault count percentage of total count
                 A         B        C        D         E       F
            +---------+---------+-------+---------+---------+-------
      Total |   41126 |   22195 |  35.1 |     254 |     104 |  29.1
            +---------+---------+-------+---------+---------+-------
        D:1 |      34 |       0 |   0.0 |      21 |       0 |   0.0
        D:2 |      94 |       0 |   0.0 |      14 |       0 |   0.0
        D:3 |     151 |       0 |   0.0 |      23 |       0 |   0.0
        D:4 |     537 |       2 |   0.4 |      27 |       1 |   3.6
        D:5 |     617 |       0 |   0.0 |      11 |       0 |   0.0
        D:6 |     337 |       0 |   0.0 |       8 |       0 |   0.0
        D:7 |    1190 |     663 |  35.8 |      16 |       1 |   5.9
        D:8 |     788 |       7 |   0.9 |      17 |       4 |  19.0
        D:9 |    1596 |     637 |  28.5 |      21 |      13 |  38.2
       D:10 |    1304 |     592 |  31.2 |       8 |       5 |  38.5
       D:11 |    1960 |    2260 |  53.6 |       8 |       5 |  38.5
       D:12 |    5031 |    1496 |  22.9 |      20 |       6 |  23.1
       D:13 |    7746 |    6187 |  44.4 |      22 |      11 |  33.3
       D:14 |   11338 |       0 |   0.0 |      21 |       0 |   0.0
       D:15 |    8403 |    5864 |  41.1 |      17 |       8 |  32.0
    Ossuary |       0 |     175 | 100.0 |       0 |      16 | 100.0
     Bailey |       0 |    4312 | 100.0 |       0 |      34 | 100.0
            +---------+---------+-------+---------+---------+-------

Illustrated notes

Table legend:
 A = Kills in this place as a percentage of kills in entire the game.
 B = Kills by you in this place as a percentage of kills by you in the entire game.
 C = Kills by friends in this place as a percentage of kills by friends in the entire game.
 D = Other kills in this place as a percentage of other kills in the entire game.
 E = Experience gained in this place as a percentage of experience gained in the entire game.
 F = Experience gained in this place divided by the number of levels of this place that you have seen.
                   A       B       C       D       E      F
               +-------+-------+-------+-------+-------+----------------------
         Total | 100.0 | 100.0 |   N/A |   N/A | 100.0 | 3517.8
       Dungeon |  86.0 |  86.0 |   N/A |   N/A |  92.9 | 3922.3
       Ossuary |   4.5 |   4.5 |   N/A |   N/A |   0.3 | 175.0
        Bailey |   9.5 |   9.5 |   N/A |   N/A |   6.8 | 4312.0
               +-------+-------+-------+-------+-------+----------------------

Table legend: (Time is in decaauts)
 A = Elapsed time spent in this place.
 B = Non-inter-level travel time spent in this place.
 C = Inter-level travel time spent in this place.
 D = Time resting spent in this place.
 E = Time spent auto-exploring this place.
 F = Levels seen in this place.
 G = Mean time per level.
                   A        B        C        D        E       F      G
               +--------+--------+--------+--------+--------+-----+--------+
         Total |  18806 |  17941 |    865 |   3322 |  12071 |  18 | 1044.8 |
       Dungeon |  17576 |  16731 |    845 |   3017 |  11668 |  15 | 1171.7 |
        Temple |    156 |    137 |     19 |      0 |    118 |   1 |  156.0 |
       Ossuary |    200 |    200 |      0 |      0 |    146 |   1 |  200.0 |
        Bailey |    872 |    872 |      0 |    305 |    139 |   1 |  872.0 |
               +--------+--------+--------+--------+--------+-----+--------+

Top non-repeatable levels by time:
    D:15: 1735 daAuts
    D:13: 1640 daAuts
    D:12: 1541 daAuts
     D:3: 1365 daAuts
     D:2: 1249 daAuts
     D:1: 1240 daAuts
    D:10: 1117 daAuts
     D:4: 1056 daAuts
     D:6: 1049 daAuts
    D:14: 1024 daAuts
     D:5: 965 daAuts
     D:8: 922 daAuts
     D:9: 914 daAuts
     D:7: 886 daAuts
  Bailey: 872 daAuts
